 Dungeon Crawl Stone Soup version 0.14-a0-1499-g388a102 (webtiles) character file.

266 PolkaDot the Ruinous (level 4, 0/30 HPs)
             Began as a Vampire Conjurer on Dec 15, 2013.
             Slain by an orc
             ... wielding a -1,+1 orcish whip
              (6 damage)
             ... on Level 3 of the Dungeon.
             The game lasted 00:11:16 (2646 turns).

PolkaDot the Ruinous (Vampire Conjurer)             Turns: 2646, Time: 00:11:16

HP   0/30        AC  2     Str  7      XL: 4   Next: 76%
MP   0/8         EV 12     Int 18      God:
Gold 145         SH  0     Dex 14      Spells:  2 memorised,  5 levels left

rFire  . . .     SeeInvis +     r - +0 cutlass
rCold  . . .     Clarity  .     a - +0 robe
rNeg   . . .     Conserve .     (no shield)
rPois  .         rCorr    .     (no helmet)
rElec  .         rRot     .     (no cloak)
SustAb + .       Spirit   .     (no gloves)
rMut   .         Warding  .     (no boots)
Saprov . . .     Stasis   .     (no amulet)
                                (no ring)
                                d - ring of sustain abilities

@: regenerating quickly, slightly resistant to hostile enchantments, stealthy
A: fangs 3, see invisible, unbreathing
a: no special abilities


You were on level 3 of the Dungeon.
You were very full.

You visited 1 branch of the dungeon, and saw 3 of its levels.

You collected 145 gold pieces.

Inventory:

Hand weapons
 r - a +0,+0 cutlass (weapon)
Armour
 a - a +0 robe (worn)
Scrolls
 j - a scroll of enchant weapon I
 l - a scroll of remove curse {unknown}
 m - 2 scrolls of teleportation
 n - a scroll of immolation {unknown}
 o - a scroll of fog {unknown}
 p - a scroll of random uselessness {unknown}
 q - a scroll of noise {unknown}
Jewellery
 d - a ring of sustain abilities (left hand)
Potions
 b - 4 potions of curing
 e - a potion of brilliance
 f - a potion of restore abilities {unknown}
 g - a potion of lignification {unknown}
 h - a potion of heal wounds {unknown}
 i - a potion of confusion {unknown}
 k - a potion of might {unknown}
Books
 c - a book of Conjurations

   Spells                             Type                      Level
   *Magic Dart                        Conjuration                  1
   *Searing Ray                       Conjuration                  2
   Dazzling Spray                     Conjuration/Hexes            3
   Iskenderun's Mystic Blast          Conjuration                  4
   Iskenderun's Battlesphere          Conjuration/Charms           4
   Fulminant Prism                    Conjuration/Hexes            5


   Skills:
 + Level 0.0 Short Blades
 - Level 2.1 Dodging
 - Level 3.0 Stealth
 - Level 2.9 Spellcasting
 * Level 4.2 Conjurations


You had 5 spell levels left.
You knew the following spells:

 Your Spells              Type           Power        Failure   Level  Hunger
a - Magic Dart            Conj           ###.         2%          1    None
s - Searing Ray           Conj           ###...       4%          2    ##.....


Dungeon Overview and Level Annotations

Branches:
Dungeon (3/16)

Altars:
Nemelex Xobeh


Innate Abilities, Weirdness & Mutations

Your natural rate of healing is unusually fast.
You have razor-sharp teeth.*
You have supernaturally acute eyesight.
You can survive without breathing.*


Message History

Aiming: Magic Dart
Press: ? - help, Shift-Dir - straight line, f/p - orc
Aim: an orc, wielding an orcish whip and wearing an orcish chain mail The magic dart hits the orc.
The orc closely misses you.
Casting: Magic Dart
Confirm with . or Enter, or press ? or * to list all spells.
Aiming: Magic Dart
Press: ? - help, Shift-Dir - straight line, f/p - orc
Aim: an orc, wielding an orcish whip and wearing an orcish chain mail The magic dart hits the orc.
* * * LOW MAGIC WARNING * * *
Casting: Magic Dart
Confirm with . or Enter, or press ? or * to list all spells.
Aiming: Magic Dart
Press: ? - help, Shift-Dir - straight line, f/p - orc
Aim: an orc, wielding an orcish whip and wearing an orcish chain mail The magic dart hits the orc.
* * * LOW MAGIC WARNING * * *
The orc hits you with an orcish whip.
You die...

#####################
#...........#.....'.#
#.#########.#.#####.#
#...@)#.....#.....#.# #
#####o#.#########.#.# +
.....oo..#...........#.#
#
#####################..
#...... #.##... #.##.##
#+##.##... #.##.##...


You could see an orc.

Vanquished Creatures
  4 adders (D:2)
  A gnoll (D:1)
  An inept feature mimic (D:2)
  An ooze (D:2)
  An orc (D:3)
  2 giant cockroaches
  4 hobgoblins
  13 jackals
  10 bats
  A giant gecko (D:1)
  2 giant newts
  6 goblins
  5 kobolds
  20 rats
71 creatures vanquished.

Notes
Turn   | Place    | Note
--------------------------------------------------------------
     0 | D:1      | PolkaDot, the Vampire Conjurer, began the quest for the Orb.
     0 | D:1      | Reached XP level 1. HP: 13/13 MP: 3/3
   194 | D:1      | Reached XP level 2. HP: 10/19 MP: 2/4
   426 | D:1      | Learned a level 2 spell: Searing Ray
   738 | D:1      | Reached XP level 3. HP: 20/24 MP: 1/6
  1640 | D:2      | Reached XP level 4. HP: 30/30 MP: 5/8
  1642 | D:2      | Reached skill level 4 in Conjurations
  2487 | D:3      | Found a sparkling altar of Nemelex Xobeh.
  2646 | D:3      | Slain by an orc

Action                   |  1- 3 |  4- 6 || total
-------------------------+-------+-------++-------
Melee: Unarmed           |    78 |     4 ||    82
       Short sword       |    28 |     9 ||    37
       Cutlass           |       |    14 ||    14
 Cast: Magic Dart        |    46 |    17 ||    63
       Searing Ray       |     9 |     7 ||    16
  Use: Potion            |     1 |       ||     1
       Scroll            |     2 |     5 ||     7
 Stab: Sleeping          |     2 |     1 ||     3
       Distracted        |       |     1 ||     1
